 Dungeon Crawl Stone Soup version 0.29.0-4-gdea44cf6ec (webtiles) character file.

Game seed: 8389654509204519903

37373 gelatine the Champion of Chaos (level 13, -2/101 HPs)
             Began as a Demonspawn Fire Elementalist on Aug 26, 2022.
             Was the Champion of Makhleb.
             Slain by a catoblepas (22 damage)
             ... on level 5 of the Lair of Beasts.
             The game lasted 01:14:54 (18059 turns).

gelatine the Champion of Chaos (DsFE)              Turns: 18059, Time: 01:14:56

Health: -2/101     AC: 16    Str:  4    XL:     13   Next: 58%
Magic:  26/26      EV: 14    Int: 25    God:    Makhleb [******]
Gold:   970        SH:  4    Dex: 15    Spells: 21/31 levels left

rFire   . . .      SeeInvis .   P - +10 shortbow of Ascent {freeze, rC++ Int+5}
rCold   + + +      Faith    .   (shield currently unavailable)
rNeg    . . .      Spirit   .   y - +3 steam dragon scales
rPois   .          Reflect  .   (helmet restricted)
rElec   +          Harm     .   w - +1 cloak
rCorr   .          Rampage  .   (no gloves)
Will    .....                   i - +1 pair of boots
Stlth   +++.......              S - amulet of Conformity {Acrobat rElec Regen+ Str-5 Stlth+}
HPRegen 1.06/turn               e - +4 ring of slaying
MPRegen 0.20/turn               q - +4 ring of protection

@: mighty
A: antennae 2, large bone plates 1, powered by pain 3, spiny 3, cold resistance
1, sense surroundings 1, MP-powered wands
a: Renounce Religion, Minor Destruction, Lesser Servant of Makhleb, Major
Destruction, Greater Servant of Makhleb


You were on level 5 of the Lair of Beasts.
You worshipped Makhleb.
Makhleb was exalted by your worship.
You visited 2 branches of the dungeon, and saw 15 of its levels.

You collected 970 gold pieces.

Inventory:

Hand Weapons
 B - the +8 dagger of Grandeur {vorpal, Fly Int+2}
   (You found it on level 4 of the Dungeon)

   It inflicts extra damage upon your enemies.
   Int:       It affects your intelligence (+2).
   Fly:       It grants you flight.
 P - the +10 shortbow of Ascent (weapon) {freeze, rC++ Int+5}
   (You took it off a centaur on level 10 of the Dungeon)

   Any ammunition fired from it freezes those it strikes, dealing additional
   cold damage.
   It can also slow down cold-blooded creatures.
   Int:       It affects your intelligence (+5).
   rC:        It greatly protects you from cold.
 U - the +7 quarterstaff "Ataocoofa" {vorpal, Int+4 Dex+3}
   (You found it on level 10 of the Dungeon)

   It inflicts extra damage upon your enemies.
   Int:       It affects your intelligence (+4).
   Dex:       It affects your dexterity (+3).
Missiles
 C - a curare-tipped dart
Armour
 i - a +1 pair of boots (worn)
 v - an orb of mayhem
 w - a +1 cloak (worn)
 y - +3 steam dragon scales (worn)
 H - a +0 buckler
 R - +0 acid dragon scales
Jewellery
 e - a +4 ring of slaying (left hand)
 q - a +4 ring of protection (right hand)
 r - an amulet of regeneration
 x - a ring of resist corrosion
 L - a ring of see invisible
 O - a +4 ring of slaying
 S - the amulet of Conformity (around neck) {Acrobat rElec Regen+ Str-5 Stlth+}
   (You took it off a kobold brigand on level 10 of the Dungeon)

   [amulet of the acrobat]

   It increases your evasion while moving and waiting.
   Str:       It affects your strength (-5).
   rElec:     It insulates you from electricity.
   Regen:     It increases your rate of health regeneration.
   Stlth:     It makes you more stealthy.
Wands
 G - a wand of acid (26)
 I - a wand of charming (1)
 J - a wand of iceblast (15)
 W - a wand of polymorph (5)
 Z - a wand of mindburst (8)
Scrolls
 a - a scroll of brand weapon
 b - 2 scrolls of poison
 f - 3 scrolls of fear
 g - a scroll of vulnerability
 h - 2 scrolls of amnesia
 k - 6 scrolls of enchant weapon
 p - a scroll of torment
 s - 2 scrolls of immolation
 u - a scroll of butterflies
 z - 2 scrolls of teleportation
 F - 5 scrolls of noise
 V - a scroll of summoning
 Y - 3 scrolls of blinking
Potions
 c - 3 potions of haste
 d - 6 potions of lignification
 j - 6 potions of attraction
 l - 3 potions of might
 m - 3 potions of invisibility
 n - 3 potions of cancellation
 o - 3 potions of ambrosia
 t - a potion of mutation
 A - 2 potions of berserk rage
 D - a potion of flight
 K - a potion of brilliance
 M - 5 potions of curing
 N - 2 potions of heal wounds
Miscellaneous
 T - a box of beasts
 X - a phantom mirror


   Skills:
 * Level 9.5 Fighting
 + Level 3.1 Short Blades
 + Level 0.3 Staves
 + Level 7.7 Ranged Weapons
 + Level 4.8 Dodging
 + Level 3.6 Stealth
 + Level 1.4 Shields
 + Level 9.5 Spellcasting
 + Level 4.8 Conjurations
 + Level 9.3 Fire Magic
 * Level 3.4 Air Magic
 * Level 3.4 Poison Magic
 * Level 12.9 Invocations
 * Level 3.2 Evocations


You had 21 spell levels left.
You knew the following spells:

 Your Spells              Type           Power      Damage    Failure   Level
a - Foxfire               Conj/Fire      100%       2x1d9     1%          1
b - Scorch                Fire           100%       2d10      1%          2
c - Flame Wave            Conj/Fire      47%        2d12      2%          4
d - Mephitic Cloud        Conj/Pois/Air  31%        N/A       3%          3

Your spell library contained the following spells:

 Spells                   Type           Power      Damage    Failure   Level
 Magic Dart               Conj           100%       1d8       1%          1
 Searing Ray              Conj           72%        2d7       1%          2
 Conjure Flame            Conj/Fire      47%        6-21      1%          3
 Inner Flame              Hex/Fire       35%        N/A       2%          3
 Sandblast                Erth           22%        2d7       5%          1
 Stone Arrow              Conj/Erth      48%        3d10      6%          3
 Call Imp                 Summ           11%        N/A       8%          2
 Passwall                 Tmut/Erth      9%         N/A       8%          2
 Gell's Gravitas          Tloc           11%        N/A       16%         3
 Lesser Beckoning         Tloc           11%        N/A       16%         3
 Teleport Other           Tloc           11%        N/A       16%         3
 Fulminant Prism          Conj/Hex       12%        3d9       19%         4
 Petrify                  Tmut/Erth      11%        N/A       45%         4
 Metabolic Englaciation   Hex/Ice        5%         N/A       82%         5
 Conjure Ball Lightning   Conj/Air       16%        3x3d6     82%         6
 Statue Form              Tmut/Erth      7%         N/A       100%        6
 Discord                  Hex            5%         N/A       100%        8
 Disjunction              Tloc           5%         N/A       100%        8


Dungeon Overview and Level Annotations

Branches:
Dungeon (10/15)            Temple (0/1) D:4            Lair (5/5) D:9
 Shoals (0/4) Lair:2        Snake (0/4) Lair:3        Slime (0/5) Lair:5
    Orc (0/2) D:10

Altars:
Hepliaklqana
Kikubaaqudgha
Makhleb
Trog
Vehumet
Xom

Shops:
D:5 =

Annotations:
D:3 2 transporters, styxcanada's ghost, amateur SpBr
Lair:5 3 runed translucent doors, Joey1's ghost, journeyman MiFi


Innate Abilities, Weirdness & Mutations

You have a pair of antennae on your head.
You are partially covered in large bone plates. (SH +4)
You are powered by pain.
You are completely covered in sharp spines.
Your flesh is cold resistant. (rC+)
You passively map a small area around you.
You expend magic power (3 MP) to strengthen your wands.


Message History

No target in view!
Unknown command.
The catoblepas breathes a plume of calcifying dust at you.
The blast of calcifying dust hits you but does no damage.
You shoot an arrow. The arrow hits the catoblepas!
The arrow freezes the catoblepas.
The catoblepas is moderately wounded.
You shoot an arrow. The arrow hits the catoblepas.
The arrow freezes the catoblepas.
The catoblepas is moderately wounded.
The catoblepas breathes a plume of calcifying dust at you.
The blast of calcifying dust hits you but does no damage.
You shoot an arrow. The arrow hits the catoblepas.
The arrow freezes the catoblepas.
The catoblepas is moderately wounded.
The catoblepas is struck by your spines.
The catoblepas gores you but does no damage.
You shoot an arrow. The arrow hits the catoblepas.
The arrow freezes the catoblepas.
The catoblepas is moderately wounded.
The catoblepas gores you!!
You focus on the pain.
You feel very mighty all of a sudden.
The catoblepas breathes a plume of calcifying dust at you.
The blast of calcifying dust hits you! The catoblepas gores you!!
You are too injured to fight recklessly!
Aiming: Major Destruction (1% risk of failure)
Press: ? - help, Shift-Dir - straight line, f/p - catoblepas
Aim: a catoblepas (moderately wounded)
The bolt of acid hits the catoblepas!
The acid corrodes the catoblepas!
The catoblepas is heavily wounded.
The catoblepas gores you!
* * * LOW HITPOINT WARNING * * *
Aiming: Major Destruction (1% risk of failure)
Press: ? - help, Shift-Dir - straight line, f/p - catoblepas
Aim: a catoblepas (heavily wounded, covered in acid)
The bolt of fire hits the catoblepas!!
The catoblepas is almost dead.
The catoblepas gores you!!
You die...

, * ##... * , ,* #.... , *
### , * ##... *, ###.## ,
#... *##....## #..# #P.. ,
#......###..# #... * ,....#
#...### #... * ,, ,##Y.#
#.....###... , , ##@ยงยง#
#........... #* **##...##
#........... , #..###...##
#........... * * *#P.....##
##.<.........
###......####.....#.#....
##......8...##.....#####..
######*....8..............#
#.. #....#
.......8.....#.....# ##..
....##...8...............###
#...


You could see a catoblepas (corroded).

Vanquished Creatures
  2 boulder beetles
  2 catoblepae
  2 two-headed ogres
  2 tengu warriors (D:10)
  2 orc knights (D:10)
  A wolf spider (D:10)
  2 manticores
  A cyclops (D:8)
  15 elephants
  2 merfolk sirens (Lair:2)
  4 black mambas
  6 cane toads
  Psyche (D:10)
  An unseen horror (D:10)
  A kobold demonologist (D:10)
  4 komodo dragons
  3 rime drakes
  2 polar bears
  2 merfolk (Lair:2)
  A troll (D:10)
  6 dream sheep (Lair:3)
  14 blink frogs
  5 basilisks
  18 yaks
  2 steam dragons
  5 wyverns
  3 vampire mosquitoes (D:10)
  2 acid dragons (D:10)
  2 nagas (Lair:3)
  13 water moccasins
  Duvessa (D:7)
  2 ice beasts (D:5)
  10 orc warriors
  A black bear (D:7)
  2 sky beasts
  2 ogres
  10 wolves
  5 centaurs
  2 phantoms
  2 kobold brigands
  14 bullfrogs
  A gnoll sergeant (D:10)
  A scorpion (D:9)
  5 wights
  Dowan (D:7)
  11 killer bees
  2 electric eels (D:10)
  A howler monkey (D:8)
  5 hounds
  15 jellies
  8 orc priests
  Crazy Yiuf (D:3)
  13 orc wizards
  Robin (D:4)
  11 adders
  5 gnolls
  A shadow imp (D:7)
  An ufetubus (D:6)
  5 worms
  3 dart slugs
  34 orcs
  12 endoplasms
  6 giant cockroaches
  16 goblins
  15 hobgoblins
  8 jackals
  6 quokkas
  7 ball pythons
  3 bats
  4 frilled lizards
  12 kobolds
  8 rats
399 creatures vanquished.

Vanquished Creatures (collateral kills)
  An ogre mage (D:10)
  An elephant (Lair:5)
  2 yaks (D:10)
  An orc warrior (D:10)
  A centaur (D:10)
  An orc priest (D:5)
  An orc (D:5)
  A foxfire (D:9)
9 creatures vanquished.

Vanquished Creatures (others)
  569 foxfires
  20 fungi
  35 plants
  A withered plant (D:1)
625 creatures vanquished.

Grand Total: 1033 creatures vanquished

Notes
Turn   | Place    | Note
-------+----------+-------------------------------------------
     0 | D:1      | gelatine the Demonspawn Fire Elementalist began the quest
                  | for the Orb.
     0 | D:1      | Reached XP level 1. HP: 13/13 MP: 3/3
   394 | D:1      | Gained mutation: You sometimes gain a little power by
                  | taking damage. [demonic ancestry]
   394 | D:1      | Reached XP level 2. HP: 10/19 MP: 3/5
   742 | D:1      | Found a faded altar of an unknown god.
   760 | D:1      | Prayed at the altar of an unknown god.
   760 | D:1      | Became a worshipper of Makhleb the Destroyer
   760 | D:1      | Reached * piety under Makhleb
   906 | D:1      | Learned a level 2 spell: Scorch
  1028 | D:1      | Gained mutation: You sometimes gain power by taking damage.
                  | [demonic ancestry]
  1028 | D:1      | Reached XP level 3. HP: 19/24 MP: 1/6
  2008 | D:2      | Reached XP level 4. HP: 31/31 MP: 0/7
  2212 | D:2      | Reached ** piety under Makhleb
  3347 | D:3      | Reached skill level 1 in Fighting
  3936 | D:3      | Found a transporter.
  3941 | D:3      | Noticed styxcanada's ghost (amateur SpBr)
  3963 | D:3      | Gained mutation: You have a pair of small antennae on your
                  | head. [demonic ancestry]
  3963 | D:3      | Reached XP level 5. HP: 37/37 MP: 2/9
  4122 | D:3      | Reached skill level 1 in Invocations
  4235 | D:3      | Found a transporter.
  4256 | D:3      | Found a runed translucent door.
  4257 | D:3      | Noticed Crazy Yiuf
  4385 | D:3      | Killed Crazy Yiuf
  4483 | D:4      | Found a shimmering altar of Xom.
  4596 | D:4      | HP: 1/38 [something (2)]
  4599 | D:4      | Reached XP level 6. HP: 4/44 MP: 4/11
  4602 | D:4      | Reached *** piety under Makhleb
  4769 | D:4      | Noticed a steam dragon
  4782 | D:4      | HP: 1/44 [steam dragon (8)]
  4783 | D:4      | Killed a steam dragon
  4784 | D:4      | Reached skill level 2 in Invocations
  4908 | D:4      | Noticed Robin
  4923 | D:4      | Killed Robin
  5103 | D:4      | Found a staircase to the Ecumenical Temple.
  5202 | D:4      | Identified the +8 dagger of Grandeur {vorpal, Fly Int+2}
  5586 | D:5      | Entered Level 5 of the Dungeon
  5720 | D:5      | Reached skill level 3 in Invocations
  5720 | D:5      | Gained mutation: You have a pair of antennae on your head.
                  | [demonic ancestry]
  5720 | D:5      | Reached XP level 7. HP: 51/51 MP: 2/12
  5758 | D:5      | Reached skill level 4 in Invocations
  5880 | D:5      | Reached skill level 1 in Short Blades
  6025 | D:5      | Gained mutation: You are powered by pain. [demonic
                  | ancestry]
  6025 | D:5      | Reached XP level 8. HP: 60/60 MP: 7/14
  6117 | D:5      | Found Heefar's Jewellery Shop.
  6365 | D:6      | Found an ancient bone altar of Kikubaaqudgha.
  6424 | D:6      | Reached **** piety under Makhleb
  6432 | D:6      | Reached skill level 5 in Invocations
  6441 | D:6      | Reached skill level 5 in Fire Magic
  6916 | D:6      | Reached skill level 5 in Spellcasting
  6926 | D:6      | Reached skill level 6 in Invocations
  7653 | D:7      | Reached XP level 9. HP: 66/66 MP: 16/16
  7654 | D:7      | Noticed Duvessa
  7654 | D:7      | Noticed Dowan
  7664 | D:7      | Killed Dowan
  7676 | D:7      | Killed Duvessa
  8190 | D:7      | Reached skill level 5 in Fighting
  8431 | D:7      | Reached skill level 7 in Invocations
  8752 | D:7      | Learned a level 4 spell: Flame Wave
  9264 | D:8      | Found a bloodstained altar of Trog.
  9458 | D:8      | Noticed a two-headed ogre
  9468 | D:8      | Killed a two-headed ogre
  9676 | D:8      | Noticed a cyclops
  9685 | D:8      | Killed a cyclops
  9686 | D:8      | Gained mutation: You are partially covered in sharp spines.
                  | [demonic ancestry]
  9686 | D:8      | Reached XP level 10. HP: 76/76 MP: 11/20
  9758 | D:8      | Noticed a manticore
  9765 | D:8      | Killed a manticore
  9766 | D:8      | Reached skill level 8 in Invocations
  9960 | D:8      | Gained mutation: You occasionally lose the ability to drink
                  | potions when taking damage. [potion of mutation]
  9960 | D:8      | Gained mutation: You do not regenerate when monsters are
                  | visible. [potion of mutation]
  9960 | D:8      | Gained mutation: You possess an exceptional clarity of
                  | mind. [potion of mutation]
  9961 | D:8      | Lost mutation: You occasionally lose the ability to drink
                  | potions when taking damage. [potion of mutation]
  9961 | D:8      | Lost mutation: You do not regenerate when monsters are
                  | visible. [potion of mutation]
  9961 | D:8      | Lost mutation: You possess an exceptional clarity of mind.
                  | [potion of mutation]
  9961 | D:8      | Gained mutation: You are clumsy. (Dex -2) [potion of
                  | mutation]
  9961 | D:8      | Gained mutation: You are very clumsy. (Dex -4) [potion of
                  | mutation]
  9962 | D:8      | Lost mutation: You are very clumsy. (Dex -4) [potion of
                  | mutation]
  9962 | D:8      | Lost mutation: You are clumsy. (Dex -2) [potion of
                  | mutation]
  9962 | D:8      | Gained mutation: You are somewhat resistant to further
                  | mutation. [potion of mutation]
  9963 | D:8      | Lost mutation: You are somewhat resistant to further
                  | mutation. [potion of mutation]
  9963 | D:8      | Gained mutation: You expend magic power (3 MP) to
                  | strengthen your wands. [potion of mutation]
  9963 | D:8      | Gained mutation: Your flesh is cold resistant. (rC+)
                  | [potion of mutation]
  9963 | D:8      | Gained mutation: You passively map a small area around you.
                  | [potion of mutation]
 10670 | D:9      | Found a radiant altar of Vehumet.
 10772 | D:9      | Found a staircase to the Lair.
 10949 | D:9      | Found a hazy altar of Hepliaklqana.
 11230 | D:10     | Entered Level 10 of the Dungeon
 11489 | D:10     | Noticed a two-headed ogre
 11512 | D:10     | Killed a two-headed ogre
 11513 | D:10     | Reached skill level 9 in Invocations
 11514 | D:10     | Noticed a sun demon
 11553 | D:10     | Noticed an orc knight
 11563 | D:10     | Killed an orc knight
 11579 | D:10     | Gained mutation: You are partially covered in large bone
                  | plates. (SH +4) [demonic ancestry]
 11579 | D:10     | Reached XP level 11. HP: 70/84 MP: 1/22
 11634 | D:10     | Identified the +10 shortbow of Ascent {freeze, rC++ Int+5}
 11838 | D:10     | Noticed a tengu warrior
 11838 | D:10     | Noticed an ogre mage
 11838 | D:10     | Noticed an orc knight
 11839 | D:10     | Noticed a catoblepas
 11839 | D:10     | Noticed a wolf spider
 11842 | D:10     | Paralysed by an ogre mage for 2 turns
 11850 | D:10     | Killed an ogre mage
 11855 | D:10     | Killed an orc knight
 11856 | D:10     | Reached skill level 10 in Invocations
 11943 | D:10     | Killed a wolf spider
 11944 | D:10     | Reached skill level 1 in Ranged Weapons
 12032 | D:10     | Identified the amulet of Conformity {Acrobat rElec Regen+
                  | Str-5 Stlth+}
 12087 | D:10     | Killed a tengu warrior
 12184 | D:10     | Noticed Psyche
 12190 | D:10     | Killed Psyche
 12210 | D:10     | Noticed a tengu warrior
 12218 | D:10     | Killed a tengu warrior
 12332 | D:10     | Identified the +7 quarterstaff "Ataocoofa" {vorpal, Int+4
                  | Dex+3}
 12503 | D:10     | Found a staircase to the Orcish Mines.
 12634 | D:10     | Killed a catoblepas
 12955 | Lair:1   | Entered Level 1 of the Lair of Beasts
 12974 | Lair:1   | Noticed a boulder beetle
 12983 | Lair:1   | Killed a boulder beetle
 12983 | Lair:1   | Reached ***** piety under Makhleb
 12984 | Lair:1   | Reached skill level 11 in Invocations
 13002 | Lair:1   | Gained mutation: You are mostly covered in sharp spines.
                  | [demonic ancestry]
 13002 | Lair:1   | Reached XP level 12. HP: 94/94 MP: 5/24
 13471 | Lair:1   | Reached skill level 1 in Shields
 13849 | Lair:2   | Reached skill level 5 in Ranged Weapons
 14227 | Lair:2   | Learned a level 3 spell: Mephitic Cloud
 14362 | Lair:2   | Found a staircase to the Shoals.
 14384 | Lair:2   | Reached skill level 1 in Air Magic
 14525 | Lair:2   | Reached skill level 1 in Poison Magic
 15132 | Lair:3   | Found a staircase to the Snake Pit.
 15148 | Lair:3   | Reached skill level 12 in Invocations
 15174 | Lair:3   | Reached skill level 1 in Evocations
 16025 | Lair:3   | Gained mutation: You are completely covered in sharp
                  | spines. [demonic ancestry]
 16025 | Lair:3   | Reached XP level 13. HP: 101/101 MP: 26/26
 16231 | Lair:4   | Identified the +0 scale mail "Rouphywu" {+Inv Fly Int+3
                  | Dex-2}
 17066 | Lair:5   | Entered Level 5 of the Lair of Beasts
 17164 | Lair:5   | Found a runed translucent gate.
 17330 | Lair:5   | Reached ****** piety under Makhleb
 17336 | Lair:5   | Found a staircase to the Slime Pits.
 18026 | Lair:5   | Found a runed translucent gate.
 18026 | Lair:5   | Found a runed translucent gate.
 18026 | Lair:5   | Noticed Joey1's ghost (journeyman MiFi)
 18059 | Lair:5   | Slain by a catoblepas

Illustrated notes

Levels and vault maps discovered:
D:1:      onia_arrival_handbag, layout_basic, ebering_ecumenical_altar_petrified
D:2:      layout_rooms, minmay_unequal
D:3:      cheibrodos_greedy_goblins, layout_loops_ring,
          gammafunk_ghost_mausoleum, uniq_crazy_yiuf_cottage
D:4:      cheibrodos_old_hovel, layout_basic, mainiacjoe_overflow_cross_hatched,
          minmay_temple_entry_large_hall, ebering_dispersal_statue_hall,
          minivault_26, uniq_robin
D:5:      layout_rooms, serial_shops, shop, minmay_quadrilaterals
D:6:      layout_basic, nicolae_kikubaaqudgha_miasma_corner
D:7:      layout_loops_corners, serial_rivers, chequers_serial_rivers_micro_c,
          chequers_serial_rivers_room_b, chequers_serial_rivers_micro_c,
          chequers_serial_rivers_room_b, chequers_serial_rivers_large_b,
          minivault_27, nicolae_titane, uniq_duvessa
D:8:      layout_loops_corners, trog_book, nicolae_tso_carved_into_rock,
          supply_closet_lemuel, minmay_three_doors
D:9:      layout_long_grid, mainiacjoe_overflow_catwalk_spiral,
          grunt_lair_entry_orc_guard_hut, serial_rivers,
          chequers_serial_rivers_small_3, chequers_serial_rivers_large_a,
          chequers_serial_rivers_micro_e, chequers_serial_rivers_room_b,
          chequers_serial_rivers_small_3, minmay_misc_feat_pillars
D:10:     minmay_the_grid_octo_2x2 [minmay_the_grid_octo_clover,
          minmay_the_grid_octo_thin_diamonds, minmay_the_grid_octo_checkered,
          minmay_the_grid_octo_prize_star], layout_basic, erik_orc_2,
          uniq_psyche
Lair:1:   layout_cave_pods
Lair:2:   layout_hall_layers, elwin_shoals_entry_stream,
          chequers_serial_rivers_marsh, lemuel_fruit_tree
Lair:3:   layout_cave_pods, guppyfry_snake_entry_garden
Lair:4:   layout_cave_pods, grunt_forest_stairs_basic
Lair:5:   evilmike_catoblepas_cave, layout_long_grid,
          minmay_slime_entry_jelly_boxes, ebering_ghost_rock_garden,
          serial_bayou_crossing, serial_bayou_shore_a

Skill      XL: |  1  2  3  4  5  6  7  8  9 10 11 12 13 |
---------------+----------------------------------------+-----
Dodging        | 2 3 4 |  4.8
Stealth        | 2 3 |  3.6
Fire Magic     | 3 4 5 6 7 8 9 |  9.3
Fighting       | 1 2 3 4 5 7 8 9 |  9.5
Invocations    | 1 3 4 6 7 9 11 12 | 12.9
Spellcasting   | 3 4 5 6 7 8 9 |  9.5
Conjurations   | 2 3 4 |  4.8
Short Blades   | 1 2 3 |  3.1
Ranged Weapons | 3 6 7 |  7.7
Shields        | 1 |  1.4
Air Magic      | 2 3 |  3.4
Poison Magic   | 2 3 |  3.4
Evocations     | 1 3 |  3.2
Staves         | |  0.3

Action                   |  1- 3 |  4- 6 |  7- 9 | 10-12 | 13-15 || total
-------------------------+-------+-------+-------+-------+-------++-------
Melee: Quarterstaff      |    23 |       |       |       |       ||    23
       Unarmed           |     1 |       |       |       |       ||     1
       Dagger            |    13 |    32 |    80 |    43 |       ||   168
       Punch             |       |       |     1 |       |       ||     1
       Shortbow          |       |       |       |     1 |       ||     1
 Fire: Shortbow          |       |       |       |   279 |   117 ||   396
 Cast: Foxfire           |    58 |   135 |    97 |    63 |     1 ||   354
       Scorch            |     5 |    33 |    66 |    87 |    23 ||   214
       Flame Wave        |       |       |     1 |    21 |    11 ||    33
       Mephitic Cloud    |       |       |       |       |     1 ||     1
Invok: Minor Destruction |       |     8 |     8 |     9 |     2 ||    27
       Lesser Servant of |       |       |     1 |     5 |     1 ||     7
       Major Destruction |       |       |       |     4 |     3 ||     7
Evoke: Box of beasts     |       |       |       |     1 |       ||     1
  Use: Potion            |     1 |     2 |     1 |     8 |       ||    12
       Scroll            |       |     4 |     3 |    22 |     3 ||    32
 Stab: Sleeping          |     2 |     1 |     1 |       |       ||     4
Armor: Skin              |    11 |     7 |       |       |       ||    18
       Robe              |     7 |     5 |       |       |       ||    12
       Steam dragon scal |       |     7 |    29 |    98 |    43 ||   177
Dodge: Dodged            |    29 |    31 |    70 |   132 |    48 ||   310
Block: Other             |       |       |       |    28 |    14 ||    42
